Map: Invader LE

Players

dorenzoo

  • Race: Terran Terran

Gracz - Winner!

  • Race: Terran Terran
  • League: Bronze

VOD

Have the link to the VOD?

Description

Time

  • Played on: May 8, 2016, 4:41 a.m.
  • Length: 16:51
Show
View Real Time Build Order
Export as new Build Order

dorenzoo Terran 

Build Orders:  

Get SALT Encoding   

  12  0:12  Supply Depot  
  12  0:25  Refinery  
  12  0:26  SCV  
  13  1:08  Barracks  
  13  1:11  SCV  
  13  1:16  Refinery  
  14  1:23  SCV  
  15  1:40  Supply Depot  
  15  1:44  SCV  
  16  1:56  SCV  
  16  1:57  Barracks  
  16  2:00  Barracks Reactor  
  17  2:16  Orbital Command  
  17  2:30  Barracks  
  17  2:41  Reaper  
  17  2:42  Marine  
  19  3:00  Marine  
  20  3:09  Barracks Tech Lab  
  20  3:13  Marine  
  20  3:17  Marine  
  22  3:31  Marine  
  22  3:33  Marine  
  24  3:35  Marine  
  24  3:36  Factory  
  24  3:39  Marine  
  26  3:44  SCV  
  27  3:49  Marine  
  27  3:51  Marine  
  27  3:53  Marine  
  30  3:57  Marine  
  31  4:13  Supply Depot  
  31  4:34  Marine x3  
  34  4:52  Marine x2  
  36  5:09  Marine  
  37  5:42  Factory Tech Lab  
  37  5:56  Starport  
  32  8:49  Starport Tech Lab  
  32  8:57  Starport  
  32  9:24  Command Center  
  32  9:30  Banshee  
  35  9:43  Starport Tech Lab  
  35  9:51  Hellion  
  37  10:11  Medivac  
  39  10:18  Supply Depot  
  39  10:26  Supply Depot  
  39  10:35  Marine x3, Banshee  
  47  10:36  Hellion  
  47  10:38  Marine  
  47  10:41  Medivac, Supply Depot  
  50  10:52  Supply Depot  
  50  10:53  Marine x3  
  50  10:56  Marine  
  56  10:57  Hellion  
  56  11:01  SCV  
  57  11:04  Supply Depot  
  57  11:11  Marine x2, Medivac  
  59  11:13  SCV  
  59  11:14  Marine  
  59  11:18  Hellion, Banshee  
  68  11:25  SCV  
  68  11:28  Marine  
  68  11:32  Marine  
  71  11:38  SCV  
  74  11:40  Hellion  
  74  11:41  Banshee  
  74  11:46  Marine  
  78  11:50  SCV  
  79  12:01  Banshee  
  82  12:10  Explosive Shrapnel Shells  
  82  12:24  Banshee  
  85  12:43  Banshee  
  88  13:26  Banshee  
  91  13:29  Cloaking Field  
  91  14:09  Banshee  
Show
View Real Time Build Order
Export as new Build Order

Gracz Terran - Winner!

Build Orders: Reaper Expand 

Get SALT Encoding   

  12  0:01  SCV  
  13  0:17  SCV  
  14  0:25  Supply Depot  
  14  0:29  SCV  
  15  0:46  SCV  
  16  0:55  Refinery  
  16  1:23  Barracks  
  16  1:34  Barracks  
  16  1:49  Command Center  
  16  1:56  SCV  
  17  2:08  SCV  
  18  2:21  SCV  
  19  2:26  Reaper  
  19  2:27  Reaper  
  21  2:33  SCV  
  22  2:45  SCV  
  23  3:01  SCV  
  24  3:13  SCV  
  24  3:16  Supply Depot  
  25  3:25  SCV  
  26  3:37  SCV  
  26  3:49  Barracks, SCV  
  26  3:53  Barracks Reactor x2  
  26  4:01  Barracks  
  26  4:09  Factory  
  26  4:17  Orbital Command  
  26  4:18  Orbital Command  
  26  4:46  Barracks Reactor, Refinery  
  26  4:54  SCV  
  27  5:06  SCV  
  28  5:13  Barracks Reactor  
  28  5:14  Marine  
  28  5:15  Marine x3  
  28  5:18  SCV, Factory Tech Lab  
  33  5:25  Starport  
  33  5:32  Marine, Starport  
  33  5:33  Marine x3  
  37  6:26  Starport  
  37  6:29  Starport  
  37  6:32  Starport Tech Lab x2  
  37  6:51  Starport  
  37  6:59  Marine x2  
  37  7:00  Marine  
  40  7:08  Starport Reactor x2  
  40  7:17  Refinery, SCV  
  41  7:29  SCV  
  42  7:42  Starport Tech Lab  
  42  7:45  Combat Shields  
  42  7:53  Marine x6  
  48  8:10  Marine  
  48  8:11  Marine x3  
  42  8:28  Marine  
  42  8:29  Marine x3  
  50  8:55  Marine x6  
  52  9:05  Stimpack  
  52  9:10  Supply Depot  
  52  9:12  Marine  
  52  9:13  Marine  
  54  9:17  Marine x2, Banshee x2  
  54  9:20  Supply Depot  
  54  9:21  Supply Depot  
  54  9:23  Supply Depot  
  62  9:32  Marine x4, Banshee  
  62  9:35  Marine  
  70  9:41  Marine  
  71  9:49  Marine  
  71  9:50  Marine  
  73  9:53  Marine  
  73  9:59  Marine  
  75  10:00  Banshee  
  78  10:20  Factory Reactor, Barracks Reactor  
  78  10:24  Marauder  
  78  10:26  Banshee x2  
  86  10:34  Refinery  
  86  10:36  SCV  
  86  10:38  Medivac  
  89  10:43  Banshee  
  89  10:45  Marauder  
  94  10:54  SCV  
  95  11:07  SCV, Marauder  
  98  11:20  Cloaking Field  
  98  11:28  Marauder  
  98  11:32  Fusion Core  
  100  11:49  Marauder  
  100  11:50  Medivac x2  
  100  11:51  Medivac x2  
  110  11:58  Banshee  
  113  12:29  Banshee  
  116  12:40  Supply Depot  
  116  12:43  Supply Depot  
  116  12:45  Supply Depot  
  116  12:46  Supply Depot  
  116  12:50  Supply Depot  
  116  12:55  Supply Depot  
  116  13:01  Banshee x2  
  78  15:13  Liberator x2  
  75  15:16  Marine  
  75  15:17  Marine x7  
  96  15:34  Marine  
  96  15:35  Marine x7  
  79  15:52  Marine  
  79  15:53  Marine x7  
  76  16:10  Marine x4  
  76  16:11  Marine x4  
  83  16:12  Command Center  
Tags
 
Add a new tag
Caveats
  • Supply blocks, unpowered buildings, or Contaminate may cause inaccurate times.
  • Supply counts are checked every 10 seconds.